 Dungeon Crawl Stone Soup version 0.30.0-5-g1a98f26d00 (webtiles) character file.

Game seed: 12875549620197074972

162 NinjaNoafa the Firebug (level 5, 0/24 HPs)
             Began as a Vine Stalker Fire Elementalist on May 12, 2023.
             Slain by Pikel
             ... wielding a +1 whip of freezing
              (1 damage)
             ... on level 4 of the Dungeon.
             The game lasted 00:07:22 (3286 turns).

NinjaNoafa the Firebug (VSFE)                       Turns: 3286, Time: 00:07:22

Health: 0/24       AC:  3    Str: 10    XL:     5   Next: 43%
Magic:  0/11       EV: 12    Int: 17    God:
Gold:   51         SH:  0    Dex: 15    Spells: 5/11 levels left

rFire   . . .        a - +6 shillelagh "Devastator" {shatter}
rCold   . . .        (no shield)
rNeg    + . .        n - +0 robe {rN+}
rPois   +            m - +0 helmet
rElec   .            (no cloak)
rCorr   .            (no gloves)
SInv    .            (no boots)
Will    .....        (no amulet)
Stlth   ++           c - ring of poison resistance
HPRegen 1.04/turn    (no ring)
MPRegen 0.12/turn

%: guardian spirit
@: very slightly contaminated
A: fangs 2, regeneration 1, magic shield, antimagic bite, no potion heal 2
a: no special abilities


You were on level 4 of the Dungeon.
You visited 1 branch of the dungeon, and saw 4 of its levels.

You collected 149 gold pieces.
You spent 98 gold pieces at shops.

Inventory:

Hand Weapons
 a - the +6 shillelagh "Devastator" (weapon) {shatter}
   (You found it on level 3 of the Dungeon)
 b - a +0 short sword
Armour
 m - a +0 helmet (worn)
 n - a +0 robe of positive energy (worn)
Jewellery
 c - a ring of poison resistance (left hand)
Wands
 o - a wand of quicksilver (2)
Scrolls
 d - a scroll of enchant weapon {unknown}
 g - a scroll of acquirement {unknown}
 h - a scroll of noise {unknown}
 i - a scroll of fear {unknown}
 j - a scroll of magic mapping {unknown}
 k - a scroll of fog {unknown}
 l - a scroll of teleportation
 q - a scroll of vulnerability {unknown}
Potions
 e - a potion of curing
 f - 3 potions of brilliance
 p - a potion of magic


   Skills:
 - Level 1.5 Dodging
 - Level 2.4 Stealth
 + Level 3.6 Spellcasting
 + Level 2.6 Conjurations
 + Level 1.5 Hexes
 - Level 4.0 Fire Magic


You had 5 spell levels left.
You knew the following spells:

 Your Spells              Type           Power      Damage    Failure   Level
a - Foxfire               Conj/Fire      56%        2x1d6     4%          1
b - Scorch                Fire           32%        2d6       4%          2
c - Inner Flame           Hex/Fire       12%        N/A       16%         3

Your spell library contained the following spells:

 Spells                   Type           Power      Damage    Failure   Level
 Volatile Blastmotes      Fire/Tloc      18%        2d11      22%         3
 Flame Wave               Conj/Fire      14%        2d6       38%         4


Dungeon Overview and Level Annotations

Branches:
Dungeon (4/15) Zot: 20702
 Temple: D:4-7

Altars:
Nemelex Xobeh
Vehumet
Wu Jian
Xom
Zin

Shops:
D:1 !   D:2 ?

Annotations:
D:4 3 runed translucent doors, Pikel; olmar's ghost, amateur AtFi


Innate Abilities, Weirdness & Mutations

You have extremely sharp teeth.
Your natural rate of healing is unusually fast.
When hurt, damage is shared between your health and your magic reserves.
Your bite disrupts and absorbs the magic of your enemies.
Potions cannot restore your health.


Message History

The lemure attacks as you move away! The lemure barely misses you.
The lemure is engulfed in blazing flames.
Flame seeps out of the lemure.
You miscast Foxfire.
You are very lightly contaminated with residual magic.
Nothing appears to happen.
The lemure hits you but does no damage.
You conjure some foxfire!
The lemure misses you.
Pikel hits you with a +1 whip of freezing!
Pikel freezes you. Pikel attacks as you move away!
Pikel hits you with a +1 whip of freezing!
* * * LOW HITPOINT WARNING * * *
Pikel freezes you.
* * * LOW HITPOINT WARNING * * *
The foxfire hits the lemure.
Flame seeps out of the lemure.
The lemure is almost dead.
The foxfire hits Pikel.
Pikel is lightly wounded.
The angel hits itself with a +1 whip of holy wrath!
The angel barely misses itself.
The lemure is engulfed in blazing flames.
That felt strangely unrewarding.
The lemure explodes!
The fiery explosion engulfs Pikel!!
Pikel is almost dead.
Unknown command.
Magic courses through your body.
The angel hits itself but does no damage.
The angel completely misses itself.
Pikel hits you with a +1 whip of freezing!
* * * LOW HITPOINT WARNING * * *
Pikel freezes you.
Unknown command.
Casting: Foxfire (safe; 4% risk of failure)
Confirm with . or Enter, or press ? or * to list all spells.
Flames lash Pikel but do no damage.
Pikel hits you with a +1 whip of freezing.
* * * LOW HITPOINT WARNING * * *
Pikel freezes you.
You die...

###.......# #.###..!.# ..o#.+..#
####....# #..[#....# )8o#.+...
###### ###......# ...#o+..#
###.....# ...#W#..# #.......#
.##.o#..# #)......# .8#.o#..#
######## #.......# .##..#..#
#......# #.....### .....#..#
###......# #.@.....########8.#
.........# ###§K.......#.....###
.........# ##§..........#[....##.
.........###..§§_.......#........
..............#####..........>.##
...#######.#..#.A.#....##.....##
)..# #....#...#.).######### ...#
###..#...#..## ...#
####..#####..#


You could see an angel (confused) and Pikel.

Vanquished Creatures
  4 lemures (D:4)
  A hound (D:4)
  Terence (D:3)
  Robin (D:3)
  An adder (D:2)
  A worm (D:2)
  3 dart slugs
  7 orcs (D:3)
  7 endoplasms
  2 giant cockroaches
  8 goblins
  6 hobgoblins
  3 jackals (D:4)
  7 kobolds
  A quokka (D:4)
  5 ball pythons
  6 bats
  5 rats
69 creatures vanquished.

Vanquished Creatures (others)
  An iguana (D:4)
  140 foxfires
141 creatures vanquished.

Grand Total: 210 creatures vanquished

Notes
Turn   | Place    | Note
-------+----------+-------------------------------------------
     0 | D:1      | NinjaNoafa the Vine Stalker Fire Elementalist began the
                  | quest for the Orb.
     0 | D:1      | Reached XP level 1. HP: 9/9 MP: 4/4
    59 | D:1      | Found a faded altar of an unknown god.
   271 | D:1      | Found Zuresch's Distillery.
   408 | D:1      | Reached XP level 2. HP: 8/13 MP: 3/6
   411 | D:1      | Learned a level 2 spell: Scorch
   935 | D:2      | Reached XP level 3. HP: 13/16 MP: 0/8
  1263 | D:2      | Found The Oracle's Delphic Readings.
  1279 | D:2      | Bought a scroll of teleportation for 42 gold pieces
  1279 | D:2      | Bought a scroll of identify for 28 gold pieces
  1279 | D:2      | Bought a scroll of identify for 28 gold pieces
  1666 | D:3      | Noticed a black bear
  1695 | D:3      | Noticed Robin
  1715 | D:3      | Gained mutation: Your natural rate of healing is unusually
                  | fast. [Vine Stalker growth]
  1715 | D:3      | Reached XP level 4. HP: 11/21 MP: 1/9
  1721 | D:3      | Killed Robin
  1722 | D:3      | Reached skill level 4 in Fire Magic
  1920 | D:3      | Noticed Terence
  1926 | D:3      | Learned a level 3 spell: Inner Flame
  1931 | D:3      | Killed Terence
  2402 | D:3      | Found the +6 shillelagh "Devastator" {shatter}
  2425 | D:3      | Found a radiant altar of Vehumet.
  2556 | D:3      | Reached skill level 1 in Hexes
  2557 | D:3      | Reached XP level 5. HP: 24/24 MP: 11/11
  2658 | D:4      | Found a runed translucent gate.
  2660 | D:4      | Identified the +6 sling of Wariness {flame, Str-5 Int+4}
  2660 | D:4      | Identified the +1 ring mail of the Eternal Fruit {Fly}
  2661 | D:4      | Noticed olmar's ghost (amateur AtFi)
  2773 | D:4      | Found a glowing silver altar of Zin.
  2775 | D:4      | Noticed an angel
  2800 | D:4      | Found a shimmering altar of Xom.
  2850 | D:4      | Found an ornate altar of the Wu Jian Council.
  2853 | D:4      | Found a sparkling altar of Nemelex Xobeh.
  2874 | D:4      | Noticed a lemure
  2875 | D:4      | Noticed a lemure
  2876 | D:4      | Noticed a lemure
  2876 | D:4      | Noticed Pikel
  2940 | D:4      | Killed a lemure
  2945 | D:4      | Killed a lemure
  2959 | D:4      | Found a runed translucent gate.
  3068 | D:4      | Found a runed translucent gate.
  3074 | D:4      | Identified the +1 robe of Ziutatergh {rF+ SInv Stlth-}
  3099 | D:4      | Noticed a lemure
  3106 | D:4      | Killed a lemure
  3283 | D:4      | Killed a lemure
  3286 | D:4      | HP: 1/24 [Pikel/+1 whip of freezing (3)]
  3286 | D:4      | Slain by Pikel

Illustrated notes

Levels and vault maps discovered:
D:1:      dpeg_arrival_rhombi, layout_basic, serial_shops, shop,
          chequers_ecumenical_altar_island, minmay_misc_feat_square
D:2:      layout_basic, solitary_fountain, nicolae_nh_oracle_at_delphi
D:3:      layout_basic, nicolae_overflow_hidden_temple, serial_aquarium,
          aquarium_bridge_square [aquarium_subvault_balcony,
          aquarium_subvault_wall, aquarium_subvault_bridge,
          aquarium_subvault_wall], aquarium_bridge_square
          [aquarium_subvault_bridge, aquarium_subvault_wall,
          aquarium_subvault_wall, aquarium_subvault_bridge],
          aquarium_window_corridor_1, aquarium_window_corner, aquarium_window_1,
          aquarium_view_2b, aquarium_balcony_3a, aquarium_pool_four,
          corexii_shack, uniq_robin, uniq_terence
D:4:      layout_basic, grunt_temple_overflow_order_and_chaos_1,
          grunt_temple_overflow_open, biasface_ghost_orc_armoury, uniq_pikel

Skill      XL: |  1  2  3  4 |
---------------+-------------+-----
Conjurations   | 2 |  2.6
Spellcasting   | 3 |  3.6
Fire Magic     | 4 |  4.0
Hexes          | 1 |  1.5
Dodging        | |  1.5
Stealth        | |  2.4

Action                     |  1- 3 |  4- 6 || total
---------------------------+-------+-------++-------
  Melee: Short sword       |    15 |     9 ||    24
         Bite              |     3 |     5 ||     8
         Shillelagh        |       |    21 ||    21
   Cast: Foxfire           |    48 |    38 ||    86
         Scorch            |     2 |     7 ||     9
         Inner Flame       |       |     5 ||     5
    Use: Scroll            |     3 |     2 ||     5
         Potion            |       |     2 ||     2
   Stab: Sleeping          |       |     1 ||     1
 Armour: Robe              |     2 |    15 ||    17
  Dodge: Dodged            |    18 |    23 ||    41
